 Dungeon Crawl Stone Soup version 0.32-a0-473-gd044c6f0f0 (webtiles) character file.

Game seed: 15222572604416007445

195 drugrobin the Ruffian (level 5, -2/42 HPs)
             Began as a Demigod Delver on Feb 26, 2024.
             Slain by an orc
             ... wielding a +0 flail
              (10 damage)
             ... on level 4 of the Dungeon.
             The game lasted 00:07:16 (3100 turns).

drugrobin the Ruffian (Demigod Delver)              Turns: 3100, Time: 00:07:16

Health: -2/42      AC:  6    Str: 17    XL:     5   Next: 21%
Magic:  7/7        EV: 10    Int: 12    God:
Gold:   87         SH:  0    Dex: 15    Spells: 4/4 levels left

rFire   . .          .
                       - Unarmed
rCold   . . .        (no shield)
rNeg    . . .        g - +0 scale mail
rPois   .            i - melded +0 helmet
rElec   .            (cloak currently unavailable)
rCorr   .            (gloves currently unavailable)
SInv    .            (boots currently unavailable)
Will    .....        (no amulet)
Stlth   +            (no ring)
HPRegen 0.27/turn    (no ring)
MPRegen 0.10/turn

%: no passive effects
@: beast-form, hasted, very quick
A: beast (slay +0), high MP 1, forlorn, divine attributes
a: Begin Untransformation


You were on level 4 of the Dungeon.
You were a hulking beast.
You visited 1 branch of the dungeon, and saw 5 of its levels.

You collected 171 gold pieces.
You spent 84 gold pieces at shops.

Inventory:

Hand Weapons
 b - a +0 sling of chaos
 c - a +0 dagger of venom
Armour
 a - a +0 leather armour
 g - a +0 scale mail (worn)
 i - a +0 helmet (melded)
Jewellery
 p - a ring of positive energy
Talismans
 v - a beast talisman (active)
Wands
 f - a wand of digging (2)
Scrolls
 d - a scroll of fear
 j - 2 scrolls of fog
 o - 5 scrolls of identify
 q - 2 scrolls of teleportation
 r - a scroll of immolation {unknown}
Potions
 e - a potion of haste
 h - 2 potions of magic {unknown}
 k - a potion of degeneration {unknown}
 l - a potion of invisibility {unknown}
 m - a potion of enlightenment {unknown}
 n - a potion of resistance {unknown}
 s - a potion of curing {unknown}
 t - a potion of might {unknown}
 u - 2 potions of berserk rage {unknown}


   Skills:
 - Level 2.6 Fighting
 - Level 1.7 Dodging
 - Level 4.5 Stealth
 + Level 4.9 Unarmed Combat
 + Level 1.2 Shapeshifting


You had 4 spell levels left.
You didn't know any spells.
Your spell library was empty.

Dungeon Overview and Level Annotations

Branches:
Dungeon (5/15)
 Temple: D:4-7

Shops:
D:2 ?

Annotations:
D:4 1 runed translucent door, exclusion: lemure, Crazy Yiuf


Innate Abilities, Weirdness & Mutations

You are a hulking beast.
Your limbs bulge with bestial killing power. (Slay +0)
You have an increased reservoir of magic. (+10% MP)
You shall have no god before yourself.
Your divine heritage dramatically boosts your attributes as you level up.


Message History

The orc flies into a frenzy!
The orc is heavily wounded.
The orc closely misses you. The orc hits you with a +0 flail!
You are now empty-handed.
You hit the orc but do no damage.
The orc is heavily wounded.
The orc hits you but does no damage. The orc barely misses you.
You closely miss the orc. Your punch misses the orc.
The orc is heavily wounded.
The orc hits you but does no damage.
You barely miss the orc.
The orc is heavily wounded.
The orc hits you with a +0 flail! The orc hits you with a +0 flail.
You completely miss the orc.
The orc is heavily wounded.
The orc hits you with a +0 flail!
* * * LOW HITPOINT WARNING * * *
Unknown command.
Unknown command.
Okay, then.
Unknown command.
Unknown command.
Okay, then.
You feel yourself speed up. The orc barely misses you.
Unknown command.
The orc shouts!
The orc attacks as it pursues you! The orc barely misses you.
Okay, then.
The orc shouts!
The orc attacks as it pursues you! The orc barely misses you.
Okay, then.
Okay, then.
Unknown command.
Unknown command.
Press: ? - help, v - describe, . - travel
Here: an orc, wielding a +0 flail and wearing a +0 leather armour (heavily wounded, fast, strong, frenzied and wild)
The floor.
Unknown command.
The orc attacks as it pursues you! The orc hits you with a +0 flail!
You die...

*,,,,,*,,,,,,*,,,,,,,*,,<,,,*
*,,,,,*,,,,,,'.......#,,,,,,*
*,,,,,*,,,,,,*.......#,,,,,,,
*#######+######......#,,,.,,,
#...##......##......#*,..,,*
#...........##......##...,,*
#........................,,,
#........................,,,
#...##.....ho....).......,,*
#...##......##..)#########+*
#...##########...#........,,
#...##......##...#........,,
#...'........+...#........,,
#...#..(.....#...#........,,
#...#.......####'#........,,
#...##......#.............,,
#...##......#.....########**


You could see a neutral orc (fast, strong, frenzied).

Vanquished Creatures
  A hound (D:4)
  2 orc wizards (D:4)
  3 gnolls (D:3)
  2 adders
  A ribbon worm (D:3)
  8 orcs
  4 ball pythons
  11 endoplasms
  3 giant cockroaches
  A goblin (D:3)
  6 hobgoblins
  5 jackals
  A bat (D:3)
  2 frilled lizards
  6 kobolds
  2 rats
58 creatures vanquished.

Notes
Turn   | Place    | Note
-------+----------+-------------------------------------------
     0 | D:5      | drugrobin the Demigod Delver began the quest for the Orb.
     0 | D:5      | Reached XP level 1. HP: 18/18 MP: 3/3
    46 | D:5      | Noticed a wraith
   119 | D:4      | Noticed a lemure
   197 | D:4      | Found a runed translucent door.
   198 | D:4      | Noticed Crazy Yiuf
   455 | D:1      | Reached XP level 2. HP: 20/25 MP: 4/4
  1633 | D:2      | Found Erataw's Magic Scroll Shop.
  1636 | D:2      | Bought a scroll of identify for 24 gold pieces
  1636 | D:2      | Bought a scroll of teleportation for 36 gold pieces
  1636 | D:2      | Bought a scroll of identify for 24 gold pieces
  1734 | D:2      | Reached XP level 3. HP: 30/30 MP: 5/5
  2280 | D:3      | Reached XP level 4. HP: 36/36 MP: 6/6
  3065 | D:4      | Reached skill level 1 in Shapeshifting
  3065 | D:4      | Reached XP level 5. HP: 42/42 MP: 7/7
  3100 | D:4      | Slain by an orc

Illustrated notes

Levels and vault maps discovered:
D:1:      minmay_arrival_four_houses, layout_basic, serial_forest,
          infiniplex_forest_straight_1, infiniplex_forest_lined_ring,
          infiniplex_forest_lined_room_2, infiniplex_forest_clump_small,
          infiniplex_forest_split, infiniplex_forest_lined_2
D:2:      layout_basic, serial_shops, nicolae_shop_rolled_up, basic_altar
D:3:      layout_rooms, nicolae_overflow_ecumenical_swirl,
          mainiacjoe_overflow_boulevard, kennysheep_cross_room,
          nicolae_figureground_sparkle
D:4:      layout_gridville, uniq_natasha, uniq_crazy_yiuf_cottage, uniq_pikel
D:5:      layout_basic, kennysheep_mini_moat, fedhas_altar_fruit_tree,
          mainiacjoe_overflow_catwalk, minmay_temple_entry_glassed_door,
          minmay_manual_moon, uniq_sigmund

Skill      XL: |  1  2  3  4 |
---------------+-------------+-----
Unarmed Combat | 2 3 4 |  4.9
Shapeshifting  | 1 |  1.2
Fighting       | |  2.6
Dodging        | |  1.7
Stealth        | |  4.5

Action                     |  1- 3 |  4- 6 || total
---------------------------+-------+-------++-------
  Melee: Unarmed           |    43 |    68 ||   111
         Punch             |     1 |       ||     1
         Dagger            |    56 |       ||    56
   Fire: Sling             |    35 |    35 ||    70
  Evoke: Wand              |     1 |       ||     1
    Use: Scroll            |     3 |       ||     3
         Potion            |       |     1 ||     1
   Stab: Sleeping          |     1 |       ||     1
         Petrified         |       |     3 ||     3
 Armour: Scale mail        |    43 |    43 ||    86
         Leather armour    |     2 |       ||     2
  Dodge: Dodged            |    38 |    33 ||    71
   Form: Beast             |       |     1 ||     1

Table legend: (Time is in decaauts)
 A = Elapsed time spent in this place.
 B = Non-inter-level travel time spent in this place.
 C = Inter-level travel time spent in this place.
 D = Time resting spent in this place.
 E = Time spent auto-exploring this place.
 F = Levels seen in this place.
 G = Mean time per level.
                   A        B        C        D        E       F      G
               +--------+--------+--------+--------+--------+-----+--------+
         Total |   3110 |   3000 |    110 |    120 |   2164 |   5 |  622.0 |
       Dungeon |   3110 |   3000 |    110 |    120 |   2164 |   5 |  622.0 |
               +--------+--------+--------+--------+--------+-----+--------+

Top non-repeatable levels by time:
     D:1: 1041 daAuts
     D:2: 723 daAuts
     D:3: 677 daAuts
     D:4: 409 daAuts
     D:5: 259 daAuts
